| TOP OF THE 1ST |
|
Hudson Valley Renegades batting - Pitching for Vermont Lake Monsters : LHP Kevin Barteaux
|
|
Pitching: LHP Kevin Barteaux
|
|
|
Batting: LHB Dan Hunt
|
0-0: Called Strike 0-1: Ground out 4-3 (Groundball, 4, EV 90.6 MPH)
|
|
Batting: RHB Jesse Haddad
|
0-0: Foul Ball, location: 2F 0-1: Ball 1-1: Ball 2-1: Fly out, F9 (Flyball, 89M, EV 95.6 MPH)
|
|
Batting: RHB Eddie Zamora
|
0-0: Called Strike 0-1: SINGLE (Groundball, 6MD, EV 100.0 MPH)
|
|
Batting: SHB Suljo Dokic
|
0-0: Called Strike 0-1: SINGLE (Groundball, 6D, EV 103.1 MPH) Eddie Zamora to second
|
|
Batting: LHB Isaac Bamberg
|
0-0: Foul Ball, location: 2F 0-1: Foul Ball, location: 2F 0-2: Foul Ball, location: 2F 0-2: Ball 1-2: Strikes out swinging
|
| Top of the 1st over - 0 runs, 2 hits, 0 errors, 2 left on base; Hudson Valley 0 - Vermont 0 |
| BOTTOM OF THE 1ST |
|
Vermont Lake Monsters batting - Pitching for Hudson Valley Renegades : RHP Kyle Thomas
|
|
Pitching: RHP Kyle Thomas
|
|
|
Batting: RHB Ricardo Mariscal
|
0-0: Called Strike 0-1: Ball 1-1: Foul Ball, location: 2F 1-2: Fly out, F8 (Line Drive, 8LM, EV 83.8 MPH)
|
|
Batting: RHB Ricky Rivera
|
0-0: Foul Ball, location: 2F 0-1: Ball 1-1: Foul Ball, location: 2F 1-2: Strikes out looking
|
|
Batting: RHB Dan Boylan
|
0-0: Fly out, F8 (Flyball, 8RM, EV 96.9 MPH)
|
| Bottom of the 1st over - 0 runs, 0 hits, 0 errors, 0 left on base; Hudson Valley 0 - Vermont 0 |
| TOP OF THE 2ND |
|
Hudson Valley Renegades batting - Pitching for Vermont Lake Monsters : LHP Kevin Barteaux
|
|
Batting: RHB Orlando Herrera
|
0-0: Ball 1-0: Ball 2-0: Called Strike 2-1: Ball 3-1: Called Strike 3-2: Strikes out swinging
|
|
Batting: RHB Jose Bengochea
|
0-0: Foul Ball, location: 2F 0-1: Ball 1-1: Swinging Strike 1-2: Ball 2-2: Ball 3-2: Foul Ball, location: 2F 3-2: Strikes out swinging
|
|
Batting: RHB Khalil Walker
|
0-0: Called Strike 0-1: Called Strike 0-2: Strikes out swinging
|
| Top of the 2nd over - 0 runs, 0 hits, 0 errors, 0 left on base; Hudson Valley 0 - Vermont 0 |
| BOTTOM OF THE 2ND |
|
Vermont Lake Monsters batting - Pitching for Hudson Valley Renegades : RHP Kyle Thomas
|
|
Batting: RHB Matt Black
|
0-0: Called Strike 0-1: Called Strike 0-2: SINGLE (Groundball, 56D, EV 95.6 MPH)
|
|
Batting: LHB Jose Zamarripa
|
0-0: SINGLE (Line Drive, 9S, EV 100.0 MPH) Matt Black to second Runner from 2nd tries for 3rd, SAFE, throw by RF made to third
|
|
Batting: RHB Josh Whaley
|
0-0: Foul Ball, location: 2F 0-1: SINGLE (Groundball, 4, EV 98.1 MPH) (infield hit) Matt Black scores Jose Zamarripa to second
|
|
Batting: RHB Yasuzo Rin
|
0-0: Foul Ball, location: 2F 0-1: Hit by Pitch Jose Zamarripa to third Josh Whaley to second
|
|
Batting: RHB Jesus Ramirez
|
0-0: Called Strike 0-1: Ball Wild Pitch! Jose Zamarripa scores Josh Whaley to third Yasuzo Rin to second 1-1: Fly out, F8 (Flyball, 8LM, EV 92.5 MPH)
|
|
Batting: RHB Jose Esquivel
|
0-0: Foul Ball, location: 2F 0-1: Swinging Strike 0-2: Ball 1-2: Foul Ball, location: 2F 1-2: Ball 2-2: Fly out, F4 (Popup, 4M, EV 77.5 MPH)
|
|
Batting: RHB Ricardo Mariscal
|
0-0: Ground out 4-3 (Groundball, 4, EV 83.8 MPH)
|
| Bottom of the 2nd over - 2 runs, 3 hits, 0 errors, 2 left on base; Hudson Valley 0 - Vermont 2 |
| TOP OF THE 3RD |
|
Hudson Valley Renegades batting - Pitching for Vermont Lake Monsters : LHP Kevin Barteaux
|
|
Batting: SHB Tirta Subandrio
|
0-0: Ball 1-0: Called Strike 1-1: Ball 2-1: Ground out U3 (Groundball, 3, EV 85.6 MPH)
|
|
Batting: LHB Dan Hunt
|
0-0: DOUBLE (Flyball, 8RXD, EV 111.9 MPH)
|
|
Batting: RHB Jesse Haddad
|
0-0: Ball 1-0: Ball Dan Hunt steals 3rd base (no throw) 2-0: Called Strike 2-1: Ball 3-1: Base on Balls
|
|
Batting: RHB Eddie Zamora
|
0-0: Called Strike 0-1: Ball 1-1: Ball 2-1: Ball 3-1: TRIPLE (Flyball, 89XD, EV 101.9 MPH) Dan Hunt scores Jesse Haddad scores
|
|
Batting: SHB Suljo Dokic
|
0-0: Foul Ball, location: 2F 0-1: Called Strike 0-2: Ball 1-2: Strikes out swinging
|
|
Batting: LHB Isaac Bamberg
|
0-0: Ball Balk! Eddie Zamora scores 1-0: Ball 2-0: Called Strike 2-1: Foul Ball, location: 2F 2-2: Foul Ball, location: 2F 2-2: Hit by Pitch
|
|
Batting: RHB Orlando Herrera
|
0-0: Called Strike 0-1: Ball Wild Pitch! Isaac Bamberg to second 1-1: Foul Ball, location: 2F 1-2: Ground out 3-1 (Groundball, 34, EV 78.1 MPH)
|
| Top of the 3rd over - 3 runs, 2 hits, 0 errors, 1 left on base; Hudson Valley 3 - Vermont 2 |
| BOTTOM OF THE 3RD |
|
Vermont Lake Monsters batting - Pitching for Hudson Valley Renegades : RHP Kyle Thomas
|
|
Batting: RHB Ricky Rivera
|
0-0: Called Strike 0-1: Ground out 4-3 (Groundball, 4M, EV 86.9 MPH)
|
|
Batting: RHB Dan Boylan
|
0-0: Ball 1-0: Ball 2-0: Foul Ball, location: 2F 2-1: Called Strike 2-2: Ball 3-2: SINGLE (Groundball, 56D, EV 96.9 MPH)
|
|
Batting: RHB Matt Black
|
0-0: Ball Dan Boylan steals 2nd base 1-0: Ground out 4-3 (Groundball, 4, EV 93.1 MPH) Dan Boylan to third
|
|
Batting: LHB Jose Zamarripa
|
0-0: Called Strike 0-1: Fly out, F5 (Popup, 56S, EV 83.8 MPH)
|
| Bottom of the 3rd over - 0 runs, 1 hit, 0 errors, 1 left on base; Hudson Valley 3 - Vermont 2 |
| TOP OF THE 4TH |
|
Hudson Valley Renegades batting - Pitching for Vermont Lake Monsters : LHP Kevin Barteaux
|
|
Batting: RHB Jose Bengochea
|
0-0: Ground out 3-1 (Groundball, 34S, EV 81.9 MPH)
|
|
Batting: RHB Khalil Walker
|
0-0: Called Strike 0-1: Swinging Strike 0-2: Strikes out swinging
|
|
Batting: SHB Tirta Subandrio
|
0-0: Ball 1-0: Called Strike 1-1: Foul Ball, location: 2F 1-2: Ground out 4-3 (Groundball, 34, EV 85.6 MPH)
|
| Top of the 4th over - 0 runs, 0 hits, 0 errors, 0 left on base; Hudson Valley 3 - Vermont 2 |
| BOTTOM OF THE 4TH |
|
Vermont Lake Monsters batting - Pitching for Hudson Valley Renegades : RHP Kyle Thomas
|
|
Batting: RHB Josh Whaley
|
0-0: Swinging Strike 0-1: Foul Ball, location: 2F 0-2: Ball 1-2: Ground out 5-3 (Groundball, 56S, EV 76.3 MPH)
|
|
Batting: RHB Yasuzo Rin
|
0-0: Swinging Strike 0-1: Swinging Strike 0-2: Foul Ball, location: 2F 0-2: Ball 1-2: Ball 2-2: Foul Ball, location: 2F 2-2: Ball 3-2: Strikes out looking
|
|
Batting: RHB Jesus Ramirez
|
0-0: Called Strike 0-1: Ball 1-1: Ground out 6-3 (Groundball, 6, EV 86.9 MPH)
|
| Bottom of the 4th over - 0 runs, 0 hits, 0 errors, 0 left on base; Hudson Valley 3 - Vermont 2 |
| TOP OF THE 5TH |
|
Hudson Valley Renegades batting - Pitching for Vermont Lake Monsters : LHP Kevin Barteaux
|
|
Batting: LHB Dan Hunt
|
0-0: Ball 1-0: Ball 2-0: Reached on error, E5 (Groundball, 5, EV 78.8 MPH)
|
|
Batting: RHB Jesse Haddad
|
0-0: Called Strike 0-1: Ball 1-1: Called Strike 1-2: Fielders Choice at 2nd, 6-4 (Groundball, 6MD, EV 83.1 MPH)
|
|
Pitching: RHP Gustavo Robles
|
|
|
Batting: RHB Eddie Zamora
|
0-0: Called Strike Jesse Haddad steals 2nd base 0-1: Ground out 6-3 (Groundball, 6M, EV 87.5 MPH) Jesse Haddad to third
|
|
Batting: SHB Suljo Dokic
|
0-0: Ball 1-0: Foul Ball, location: 2F 1-1: Foul Ball, location: 2F 1-2: DOUBLE (Flyball, 8LXD, EV 110.6 MPH) Jesse Haddad scores
|
|
Batting: LHB Isaac Bamberg
|
0-0: Foul Ball, location: 2F 0-1: Foul Ball, location: 2F 0-2: Ball 1-2: Fly out, F8 (Flyball, 8RM, EV 86.9 MPH)
|
| Top of the 5th over - 1 run, 1 hit, 1 error, 1 left on base; Hudson Valley 4 - Vermont 2 |
| BOTTOM OF THE 5TH |
|
Vermont Lake Monsters batting - Pitching for Hudson Valley Renegades : RHP Kyle Thomas
|
|
Batting: RHB Jose Esquivel
|
0-0: Foul Ball, location: 2F 0-1: Ball 1-1: Ball 2-1: Foul Ball, location: 2F 2-2: Ground out 5-3 (Groundball, 56S, EV 84.4 MPH)
|
|
Batting: RHB Ricardo Mariscal
|
0-0: Hit by Pitch
|
|
Batting: RHB Ricky Rivera
|
0-0: Ball Ricardo Mariscal steals 2nd base 1-0: Called Strike 1-1: Swinging Strike 1-2: Foul Ball, location: 2F 1-2: Ball 2-2: Foul Ball, location: 2F 2-2: SINGLE (Groundball, 4D, EV 105.0 MPH) Ricardo Mariscal to third Runner from 3rd tries for Home, SAFE, throw by CF to home
|
|
Batting: RHB Dan Boylan
|
0-0: Ball Ricky Rivera is caught stealing 2nd base 2-4 1-0: Called Strike 1-1: Swinging Strike 1-2: Ground out 6-3 (Groundball, 6, EV 101.9 MPH)
|
| Bottom of the 5th over - 1 run, 1 hit, 0 errors, 0 left on base; Hudson Valley 4 - Vermont 3 |
| TOP OF THE 6TH |
|
Hudson Valley Renegades batting - Pitching for Vermont Lake Monsters : RHP Gustavo Robles
|
|
Batting: RHB Orlando Herrera
|
0-0: Ball 1-0: Called Strike 1-1: Fly out, F7 (Flyball, 7LM, EV 88.8 MPH)
|
|
Batting: RHB Jose Bengochea
|
0-0: Called Strike 0-1: Swinging Strike 0-2: Ball 1-2: SINGLE (Line Drive, 56, EV 103.1 MPH)
|
|
Batting: RHB Khalil Walker
|
0-0: Ball 1-0: Ball 2-0: Ground out 5-3 (Groundball, 5S, EV 67.5 MPH) Jose Bengochea to second
|
|
Batting: SHB Tirta Subandrio
|
0-0: Foul Ball, location: 2F 0-1: Foul Ball, location: 2F 0-2: Ball 1-2: Ball 2-2: Ball 3-2: Foul Ball, location: 2F 3-2: Ground out 6-3 (Groundball, 6M, EV 82.5 MPH)
|
| Top of the 6th over - 0 runs, 1 hit, 0 errors, 1 left on base; Hudson Valley 4 - Vermont 3 |
| BOTTOM OF THE 6TH |
|
Vermont Lake Monsters batting - Pitching for Hudson Valley Renegades : RHP Kyle Thomas
|
|
Batting: RHB Matt Black
|
0-0: Foul Ball, location: 2F 0-1: Hit by Pitch
|
|
Batting: LHB Jose Zamarripa
|
0-0: Foul Ball, location: 2F 0-1: Ball 1-1: Swinging Strike 1-2: Ball 2-2: Strikes out swinging
|
|
Batting: RHB Josh Whaley
|
Pickoff Throw to First - Out! 1-3 0-0: Ball 1-0: Called Strike 1-1: Swinging Strike 1-2: Ball 2-2: Ball 3-2: Base on Balls
|
|
Batting: RHB Yasuzo Rin
|
0-0: Ball 1-0: Called Strike 1-1: Ball 2-1: Fly out, F9 (Flyball, 89D, EV 94.4 MPH)
|
| Bottom of the 6th over - 0 runs, 0 hits, 0 errors, 1 left on base; Hudson Valley 4 - Vermont 3 |
| TOP OF THE 7TH |
|
Hudson Valley Renegades batting - Pitching for Vermont Lake Monsters : RHP Gustavo Robles
|
|
Pitching: LHP Darby Jones
|
|
|
Batting: LHB Dan Hunt
|
0-0: Foul Ball, location: 2F 0-1: Called Strike 0-2: Ball 1-2: Foul Ball, location: 2F 1-2: Strikes out swinging
|
|
Pitching: RHP Dong-choon Park
|
|
|
Batting: RHB Jesse Haddad
|
0-0: Foul Ball, location: 2F 0-1: SINGLE (Groundball, 6MD, EV 97.5 MPH)
|
|
Batting: RHB Eddie Zamora
|
0-0: Ball 1-0: Ball 2-0: Swinging Strike 2-1: Swinging Strike 2-2: Foul Ball, location: 2F 2-2: SINGLE (Groundball, 6MD, EV 105.6 MPH) Jesse Haddad to second Jesse Haddad to third
|
|
Batting: SHB Suljo Dokic
|
0-0: Ball 1-0: Ground out 4-3 (Groundball, 34, EV 79.4 MPH) Eddie Zamora to second
|
|
Batting: LHB Isaac Bamberg
|
0-0: Ball 1-0: Foul Ball, location: 2F 1-1: Swinging Strike 1-2: Ball 2-2: Fly out, F8 (Flyball, 8LD, EV 86.9 MPH)
|
| Top of the 7th over - 0 runs, 2 hits, 0 errors, 2 left on base; Hudson Valley 4 - Vermont 3 |
| BOTTOM OF THE 7TH |
|
Vermont Lake Monsters batting - Pitching for Hudson Valley Renegades : RHP Kyle Thomas
|
|
Pitching: RHP Kingo Tsutsumi
|
|
|
Batting: RHB Jesus Ramirez
|
0-0: Foul Ball, location: 2F 0-1: Called Strike 0-2: Ball 1-2: Strikes out swinging
|
|
Pinch Hitting: LHB Oscar Rodriguez
|
0-0: Ball 1-0: Ground out 4-3 (Groundball, 34D, EV 108.8 MPH)
|
|
Batting: RHB Ricardo Mariscal
|
0-0: Called Strike 0-1: Called Strike 0-2: Strikes out swinging
|
| Bottom of the 7th over - 0 runs, 0 hits, 0 errors, 0 left on base; Hudson Valley 4 - Vermont 3 |
| TOP OF THE 8TH |
|
Hudson Valley Renegades batting - Pitching for Vermont Lake Monsters : RHP Dong-choon Park
|
|
Pitching: RHP Jalen Cobbins
|
|
|
Now at 3B: Henry Hutson
|
|
|
Batting: RHB Orlando Herrera
|
0-0: Called Strike 0-1: Foul Ball, location: 2F 0-2: Ball 1-2: Ball 2-2: Strikes out looking
|
|
Batting: RHB Jose Bengochea
|
0-0: Ball 1-0: Swinging Strike 1-1: Called Strike 1-2: Fly out, F8 (Line Drive, 8RM, EV 111.9 MPH)
|
|
Batting: RHB Khalil Walker
|
0-0: Ball 1-0: Called Strike 1-1: Swinging Strike 1-2: Ball 2-2: DOUBLE (Line Drive, 8RD, EV 111.3 MPH)
|
|
Batting: SHB Tirta Subandrio
|
0-0: Called Strike 0-1: Fly out, F9 (Flyball, 9D, EV 80.0 MPH)
|
| Top of the 8th over - 0 runs, 1 hit, 0 errors, 1 left on base; Hudson Valley 4 - Vermont 3 |
| BOTTOM OF THE 8TH |
|
Vermont Lake Monsters batting - Pitching for Hudson Valley Renegades : RHP Kingo Tsutsumi
|
|
Batting: RHB Ricky Rivera
|
0-0: Ball 1-0: Called Strike 1-1: Ball 2-1: Ball 3-1: Called Strike 3-2: Fly out, F9 (Flyball, 9, EV 85.0 MPH)
|
|
Batting: RHB Dan Boylan
|
0-0: Ball 1-0: Swinging Strike 1-1: Foul Ball, location: 2F 1-2: Reached on error, E6 (Groundball, 6D, EV 101.3 MPH)
|
|
Batting: RHB Matt Black
|
0-0: Ball 1-0: Fly out, F7 (Flyball, 7D, EV 99.4 MPH)
|
|
Pitching: LHP Toshiaki Wada
|
|
|
Batting: RHB Walt Alaniz
|
0-0: Called Strike 0-1: Ground out 6-3 (Groundball, 56, EV 83.1 MPH)
|
| Bottom of the 8th over - 0 runs, 0 hits, 1 error, 1 left on base; Hudson Valley 4 - Vermont 3 |
| TOP OF THE 9TH |
|
Hudson Valley Renegades batting - Pitching for Vermont Lake Monsters : RHP Jalen Cobbins
|
|
Batting: LHB Dan Hunt
|
0-0: Ball 1-0: Called Strike 1-1: Called Strike 1-2: Strikes out swinging
|
|
Batting: RHB Jesse Haddad
|
0-0: Swinging Strike 0-1: Swinging Strike 0-2: Foul Ball, location: 2F 0-2: Ball 1-2: Ball 2-2: Ball 3-2: Strikes out swinging
|
|
Batting: RHB Eddie Zamora
|
0-0: Ball 1-0: Fly out, F8 (Flyball, 8RD, EV 103.8 MPH)
|
| Top of the 9th over - 0 runs, 0 hits, 0 errors, 0 left on base; Hudson Valley 4 - Vermont 3 |
| BOTTOM OF THE 9TH |
|
Vermont Lake Monsters batting - Pitching for Hudson Valley Renegades : LHP Toshiaki Wada
|
|
Pitching: RHP Nelson Dawson
|
|
|
Batting: RHB Josh Whaley
|
0-0: Ball 1-0: Swinging Strike 1-1: Swinging Strike 1-2: Strikes out swinging
|
|
Pinch Hitting: LHB Youp van Erp
|
0-0: Ball 1-0: Called Strike 1-1: Fly out, F9 (Flyball, 9D, EV 84.4 MPH)
|
|
Pinch Hitting: LHB Al Soltero
|
0-0: Ball 1-0: Called Strike 1-1: Swinging Strike 1-2: Ball 2-2: Foul Ball, location: 2F 2-2: SINGLE (Groundball, 4D, EV 102.5 MPH)
|
|
Batting: LHB Henry Hutson
|
0-0: Ball 1-0: Foul Ball, location: 2F 1-1: Foul Ball, location: 2F 1-2: Ball 2-2: Ball 3-2: Strikes out swinging
|
| Bottom of the 9th over - 0 runs, 1 hit, 0 errors, 1 left on base; Hudson Valley 4 - Vermont 3 |
|